 Dungeon Crawl Stone Soup version 0.28-a0-268-g3f656e82c2 (webtiles) character file.

Game seed: 14932947093012974287

1120 theanonym the Cudgeller (level 8, -6/64 HPs)
             Began as a Mummy Delver on Aug 29, 2021.
             Was a Priest of Yredelemnul.
             Killed from afar by a gargoyle (16 damage)
             ... with a stone arrow
             ... on level 5 of the Dungeon.
             The game lasted 00:12:58 (5593 turns).

theanonym the Cudgeller (Mummy Delver)              Turns: 5593, Time: 00:12:59

Health: -6/64      AC: 10    Str: 18    XL:     8   Next: 12%
Magic:  11/11      EV:  7    Int:  9    God:    Yredelemnul [***...]
Gold:   205        SH:  0    Dex: 13    Spells: 7/7 levels left

rFire   x . .      SeeInvis +   a - +0 morningstar
rCold   + . .      Faith    .   (no shield)
rNeg    + + +      Spirit   .   g - +0 chain mail
rPois   ∞          Reflect  .   k - +0 helmet
rElec   .          Harm     .   (no cloak)
rCorr   .          Rampage  .   (no gloves)
Will    +....                   j - +0 pair of boots
Stlth   ..........              e - amulet of regeneration
HPRegen 1.20/turn               b - ring of see invisible
MPRegen 0.12/turn               (no ring)

@: studying Invocations
A: cold resistance 1, negative energy resistance 3, torment resistance 2, heat
vulnerability 1, no potions
a: Renounce Religion, Recall Undead Slaves, Injury Mirror, Animate Dead


Innate Abilities, Weirdness & Mutations

You are immune to poison.
Your flesh is cold resistant. (rC+)
You are immune to negative energy. (rN+++)
You are immune to unholy pain and torment.
You are vulnerable to heat. (rF-)
You do not drink.


   Skills:
 + Level 5.8 Fighting
 * Level 6.1 Maces & Flails
 - Level 1.5 Dodging
 - Level 4.1 Stealth
 - Level 5.0 Invocations


You had 7 spell levels left.
You didn't know any spells.
Your spell library contained the following spells:

 Spells                   Type           Power      Damage    Failure   Level
 Summon Guardian Golem    Hex/Summ       0%         N/A       100%        3
 Airstrike                Air            0%         N/A       100%        4
 Summon Lightning Spire   Summ/Air       0%         N/A       100%        4
 Lightning Bolt           Conj/Air       0%         1d11      100%        5
 Orb of Destruction       Conj           0%         N/A       100%        7
 Spellforged Servitor     Conj/Summ      0%         N/A       100%        7

Skill      XL: |  1  2  3  4  5  6  7  8 |
---------------+-------------------------+-----
Maces & Flails | 2 3 4 5 6 |  6.1
Invocations    | 1 2 3 5 |  5.0
Fighting       | 4 5 |  5.8
Dodging        | |  1.5
Stealth        | |  4.1

Action                   |  1- 3 |  4- 6 |  7- 9 || total
-------------------------+-------+-------+-------++-------
Melee: Mace              |   111 |    54 |       ||   165
       Flail             |       |   209 |    56 ||   265
       Morningstar       |       |       |    35 ||    35
Invok: Animate Remains   |       |    23 |       ||    23
       Recall Undead Sla |       |     2 |     1 ||     3
       Animate Dead      |       |     3 |     7 ||    10
  Use: Scroll            |     1 |     3 |     1 ||     5
 Stab: Sleeping          |     3 |       |       ||     3
       Distracted        |       |     1 |       ||     1
Armor: Leather armour    |    36 |       |       ||    36
       Chain mail        |    56 |   143 |    79 ||   278
Dodge: Dodged            |   107 |   108 |    50 ||   265

Inventory:

Hand Weapons
 a - a +0 morningstar (weapon)
Armour
 g - a +0 chain mail (worn)
 h - a +0 cloak
 j - a +0 pair of boots (worn)
 k - a +0 helmet (worn)
Jewellery
 b - a ring of see invisible (left hand)
 e - an amulet of regeneration (around neck)
Wands
 c - a wand of digging (3)
Scrolls
 d - a scroll of amnesia
 f - a scroll of fog
 i - 2 scrolls of summoning
 r - a scroll of identify
 t - 4 scrolls of teleportation
 y - 2 scrolls of magic mapping


You were on level 5 of the Dungeon.
You worshipped Yredelemnul.
Yredelemnul was most pleased with you.
You visited 2 branches of the dungeon, and saw 6 of its levels.

You collected 205 gold pieces.

Dungeon Overview and Level Annotations

Branches:
Dungeon (5/15)             Temple (1/1) D:5

Altars:
Elyvilon
Fedhas
Gozag
Kikubaaqudgha
Okawaru
Qazlal
Ru
Sif Muna
Trog
Uskayaw
Vehumet
Wu Jian
Yredelemnul
Zin
The Shining One

Shops:
D:5

(
,,,,,,,,,.'.......',,,,,,,,,,,,,,
,******,,,#.......#**************
,**** *,,,#.......#
,,,,***,,,#.......#
,*,,,,*,,,#.......#
,.#.8,*,,,#....)).#
,.....,,,(#.......#########******
,#8.>.8***##'###9.(....(...,,,,,,
,#....,* *,* #@##########******
.*#.8.######+###..).)...,,,,,,,,,
,.,#.#............######*********
,#.#..............###********
##.##.................,,,,,,*
.........###.####......,,,,,*
.........# #.# *.......,,,,*
.........# #.# *.......,,,,*
.......(.# #.# *.......,,,,*


You could see a gargoyle.

Notes
Turn   | Place    | Note
-------+----------+-------------------------------------------
     0 | D:5      | theanonym the Mummy Delver began the quest for the Orb.
     0 | D:5      | Reached XP level 1. HP: 18/18 MP: 1/1
    16 | D:5      | Noticed an ogre
    25 | D:5      | Found a staircase to the Ecumenical Temple.
    35 | Temple   | Entered the Ecumenical Temple
    95 | Temple   | Became a worshipper of Yredelemnul the Dark
   108 | D:5      | Reached skill level 2 in Maces & Flails
   108 | D:5      | Reached XP level 2. HP: 24/24 MP: 2/2
   168 | D:2      | HP: 10/24 [hobgoblin (3)]
   175 | D:2      | HP: 8/24 [constriction (1)]
   648 | D:1      | Found a faded altar of an unknown god.
   845 | D:1      | HP: 12/24 [rat (2)]
  1182 | D:1      | Reached XP level 3. HP: 20/29 MP: 3/3
  1477 | D:1      | Reached * piety under Yredelemnul
  1555 | D:1      | Reached skill level 3 in Maces & Flails
  1610 | D:2      | Reached XP level 4. HP: 33/37 MP: 4/4
  1697 | D:2      | Noticed Robin
  1759 | D:2      | Killed Robin
  1833 | D:2      | Reached skill level 1 in Invocations
  1834 | D:2      | HP: 18/37 [gnoll (4)]
  1974 | D:2      | Reached skill level 4 in Fighting
  2000 | D:2      | Reached ** piety under Yredelemnul
  2001 | D:2      | Reached XP level 5. HP: 42/42 MP: 4/6
  2409 | D:3      | Reached skill level 2 in Invocations
  2586 | D:3      | HP: 14/42 [iguana (10)]
  2586 | D:3      | HP: 6/42 [worm (8)]
  2749 | D:3      | You fall into a shaft and drop 2 floors!
  2860 | D:3      | Reached skill level 4 in Maces & Flails
  2956 | D:3      | Reached XP level 6. HP: 49/49 MP: 7/7
  2966 | D:3      | Found an opulent altar of Gozag.
  3113 | D:3      | You fall into a shaft and drop 1 floor!
  3549 | D:4      | Reached skill level 3 in Invocations
  3552 | D:4      | Reached *** piety under Yredelemnul
  4223 | D:4      | Reached XP level 7. HP: 44/55 MP: 9/9
  4473 | D:5      | Reached skill level 5 in Maces & Flails
  4473 | D:5      | Reached skill level 4 in Invocations
  4517 | D:5      | Reached skill level 5 in Fighting
  4566 | D:5      | Found Useleg's Weapon Shop.
  4566 | D:5      | Noticed a gargoyle
  4572 | D:5      | HP: 27/56 [gargoyle/stone arrow (22)]
  4605 | D:5      | HP: 27/56 [ogre (15)]
  4606 | D:5      | HP: 9/56 [ogre (19)]
  4731 | D:5      | HP: 23/56 [centaur/arrow (7)]
  4741 | D:5      | HP: 21/56 [centaur/arrow (9)]
  4935 | D:5      | Reached skill level 5 in Invocations
  5044 | D:5      | HP: 26/56 [ogre (23)]
  5046 | D:5      | Reached XP level 8. HP: 31/63 MP: 11/11
  5257 | D:5      | Reached skill level 6 in Maces & Flails
  5512 | D:5      | Found Useleg's Weapon Shop.
  5558 | D:5      | Found a staircase to the Ecumenical Temple.
  5583 | D:5      | HP: 22/64 [gargoyle/stone arrow (14)]
  5592 | D:5      | HP: 9/64 [gargoyle/stone arrow (22)]
  5593 | D:5      | Killed from afar by a gargoyle

Vanquished Creatures
  An ice beast (D:5)
  2 ogres
  3 centaurs (D:5)
  A scorpion (D:4)
  A jelly (D:4)
  2 iguanas
  An orc priest (D:5)
  2 orc wizards
  A scorpion zombie (D:5)
  A hound zombie (D:5)
  A hound skeleton (D:4)
  Robin (D:2)
  4 adders
  6 gnolls
  A shadow imp (D:5)
  2 ufetubi (D:5)
  A worm (D:3)
  2 dart slugs
  16 orcs
  5 ball pythons
  10 endoplasms
  13 goblins
  6 hobgoblins
  9 jackals
  2 quokkas (D:1)
  4 bats
  2 frilled lizards
  10 kobolds
  7 rats
117 creatures vanquished.

Vanquished Creatures (collateral kills)
  An ogre (D:5)
  An iguana (D:3)
  3 adders
  A gnoll (D:2)
  An orc (D:4)
  An endoplasm (D:4)
  A goblin (D:2)
  A hobgoblin (D:2)
  2 jackals (D:3)
  A quokka (D:5)
13 creatures vanquished.

Vanquished Creatures (others)
  A goblin (D:2)
  2 ogre zombies (D:5)
  An adder zombie (D:2)
  2 centaur zombies (D:5)
  An iguana zombie (D:5)
  3 jackal zombies (D:3)
  5 orc zombies
15 creatures vanquished.

Grand Total: 145 creatures vanquished

Table legend: (Time is in decaauts)
 A = Elapsed time spent in this place.
 B = Non-inter-level travel time spent in this place.
 C = Inter-level travel time spent in this place.
 D = Time resting spent in this place.
 E = Time spent auto-exploring this place.
 F = Levels seen in this place.
 G = Mean time per level.
                   A        B        C        D        E       F      G
               +--------+--------+--------+--------+--------+-----+--------+
         Total |   5707 |   5473 |    234 |    959 |   3171 |   6 |  951.2 |
       Dungeon |   5639 |   5411 |    228 |    959 |   3132 |   5 | 1127.8 |
        Temple |     67 |     61 |      6 |      0 |     39 |   1 |   67.0 |
               +--------+--------+--------+--------+--------+-----+--------+

Top non-repeatable levels by time:
     D:1: 1359 daAuts
     D:5: 1244 daAuts
     D:4: 1151 daAuts
     D:3: 975 daAuts
     D:2: 908 daAuts
  Temple: 67 daAuts
